 Dungeon Crawl Stone Soup version 0.31-a0-986-g5e6e4ef867 (webtiles) character file.

Game seed: 12493086084776604351

56 gelatine the Ruffian (level 3, 0/39 HPs)
             Began as a Demonspawn Shapeshifter on Nov 3, 2023.
             Succumbed to an adder's poison
             ... on level 2 of the Dungeon.
             The game lasted 00:03:06 (840 turns).

gelatine the Ruffian (Demonspawn Shapeshifter)       Turns: 840, Time: 00:03:06

Health: 0/39       AC: 21    Str: 13 (16) XL:     3   Next: 69%
Magic:  3/3        EV:  2    Int:  8 (11) God:
Gold:   71         SH:  0    Dex:  9 (12) Spells: 2/2 levels left

rFire   . .          .
                       - Unarmed
rCold   . . .        (no shield)
rNeg    . . .        g - melded +0 leather armour
rPois   +            (helmet currently unavailable)
rElec   .            (cloak currently unavailable)
rCorr   .            (gloves currently unavailable)
SInv    .            (boots currently unavailable)
Will    .....        l - amulet of magic regeneration
Stlth   +            (no ring)
HPRegen 0.26/turn    (no ring)
MPRegen 0.48/turn

%: random rage (3%)
@: lethally poisoned (0 -> -3), tree-form
A: stationary, stasis, torment immunity, boosted hp, powered by death 1, berserk
1
a: no special abilities


You were on level 2 of the Dungeon.
You were a tree.
You visited 1 branch of the dungeon, and saw 2 of its levels.

You collected 91 gold pieces.
You spent 20 gold pieces at shops.

Inventory:

Hand Weapons
 e - a +2 rapier of venom
Missiles
 h - 5 stones
Armour
 a - a +0 animal skin
 g - a +0 leather armour (melded)
Jewellery
 l - an amulet of magic regeneration (around neck)
Talismans
 c - a beast talisman
 d - a flux talisman
Scrolls
 f - a scroll of enchant weapon
 i - a scroll of fog {unknown}
 k - a scroll of identify
 n - 2 scrolls of teleportation {unknown}


   Skills:
 * Level 1.6 Fighting
 + Level 0.1 Armour
 + Level 2.1 Dodging
 + Level 0.5 Stealth
 + Level 3.2 Unarmed Combat
 * Level 3.2 Shapeshifting


You had 2 spell levels left.
You didn't know any spells.
Your spell library contained the following spells:

 Spells                   Type           Power      Damage    Failure   Level
 Cigotuvi's Dreadful Rot  Necr/Pois/Air  0%         N/A       54%         2
 Ensorcelled Hibernation  Hex/Ice        0%         N/A       54%         2
 Jinxbite                 Hex            0%         N/A       54%         2
 Ignite Poison            Fire/Tmut/Pois 0%         N/A       78%         3
 Tukima's Dance           Hex            0%         N/A       78%         3
 Anguish                  Hex/Necr       0%         N/A       99%         4
 Passage of Golubria      Tloc           0%         N/A       99%         4
 Freezing Cloud           Conj/Ice/Air   0%         6-21      100%        5
 Yara's Violent Unravell  Hex/Tmut       0%         3d3       100%        5


Dungeon Overview and Level Annotations

Branches:
Dungeon (2/15)

Altars:

Shops:
D:1 ?


Innate Abilities, Weirdness & Mutations

You are a tree.
Your roots penetrate the ground, keeping you stationary.
You cannot be teleported.
You are immune to unholy pain and torment.
Your maximum health is greatly increased.
Your equipment is partially melded.
You regenerate a little health from kills.
You sometimes lose your temper in combat.


Message History

You feel sick. The giant cockroach barely misses you.
You hit the giant cockroach.
You kill the giant cockroach!
You feel sick.
You closely miss the adder.
You feel sick. The adder bites you but does no damage. The adder bites you.
You are more poisoned.
The adder poisons you!
You hit the adder.
The adder is moderately wounded.
You feel sick. The adder bites you but does no damage.
You closely miss the adder.
The adder is moderately wounded.
You feel sick. The adder closely misses you.
You hit the adder.
The adder is almost dead.
You feel sick. The adder closely misses you.
You closely miss the adder.
The adder is almost dead.
You feel sick. The adder completely misses you.
You barely miss the adder.
The adder is almost dead.
You feel sick. The adder closely misses you. The adder bites you.
* * * LOW HITPOINT WARNING * * *
You are lethally poisoned!
The adder poisons you!
It was a potion of degeneration.
There was something very wrong with that liquid.
You feel weakened.
You feel dopey.
You feel clumsy.
* * * LOW HITPOINT WARNING * * *
You feel sick. The adder closely misses you.
You feel extremely strange.
You feel a little pissed off.
* * * LOW HITPOINT WARNING * * *
You feel sick. The adder barely misses you.
Your transformation has ended.
You turn into a tree.
Your +0 leather armour melds into your body.
Your roots penetrate the ground.
You die...

....# #.# ....####
#....$...#.# ##......
$.......#.# .....>..
.......#.# ........
..... #.########
..####..
.JB.##......... ..# .#
BB##..######## .## #.#
.## #S#...# .### #.#
#.# #♣#.#.# ...# #.#
#.# #...#.# .#.#
#.###.#.# ###.#.#
.#.###.....#.# #.#.#
.......# #.# #.#.#
.......#####.#####.#.#
.###.#.............#.#
.# #...#####.........#
.# ##### ###########


You could see an adder, an endoplasm and 3 giant cockroaches.

Vanquished Creatures
  An adder (D:2)
  2 dart slugs (D:1)
  3 ball pythons (D:1)
  A bat (D:1)
  3 endoplasms
  11 giant cockroaches
  2 goblins
  2 hobgoblins (D:1)
  4 quokkas (D:1)
  2 frilled lizards (D:1)
  A kobold (D:1)
  5 rats (D:1)
37 creatures vanquished.

Notes
Turn   | Place    | Note
-------+----------+-------------------------------------------
     0 | D:1      | gelatine the Demonspawn Shapeshifter began the quest for
                  | the Orb.
     0 | D:1      | Reached XP level 1. HP: 15/15 MP: 1/1
   164 | D:1      | Gained mutation: You regenerate a little health from kills.
                  | [demonic ancestry]
   164 | D:1      | Reached XP level 2. HP: 2/21 MP: 2/2
   291 | D:1      | Found Ysiukih's Magic Scroll Boutique.
   328 | D:1      | Bought a scroll of identify for 20 gold pieces
   473 | D:1      | Reached XP level 3. HP: 26/26 MP: 3/3
   839 | D:2      | Gained mutation: You sometimes lose your temper in combat.
                  | [potion of mutation]
   839 | D:2      | HP: 1/26 [poisoned by an adder]
   840 | D:2      | Succumbed to an adder's poison

Illustrated notes

Levels and vault maps discovered:
D:1:      dpeg_arrival_signposts, layout_rooms, serial_shops,
          nicolae_shop_window_shopping
D:2:      minmay_roachtagon, layout_loops_ring, minmay_misc_feat_pillars

Skill      XL: |  1  2 |
---------------+-------+-----
Dodging        | 2 |  2.1
Shapeshifting  | 3 |  3.2
Unarmed Combat | 3 |  3.2
Fighting       | |  1.6
Armour         | |  0.1
Stealth        | |  0.5

Action                     || total
---------------------------++-------
  Melee: Unarmed           ||   126
         Punch             ||     2
  Throw: Stone             ||     1
    Use: Scroll            ||     2
         Potion            ||     3
   Stab: Sleeping          ||     1
 Armour: Animal skin       ||    18
         Leather armour    ||    51
  Dodge: Dodged            ||    57

Table legend: (Time is in decaauts)
 A = Elapsed time spent in this place.
 B = Non-inter-level travel time spent in this place.
 C = Inter-level travel time spent in this place.
 D = Time resting spent in this place.
 E = Time spent auto-exploring this place.
 F = Levels seen in this place.
 G = Mean time per level.
                   A        B        C        D        E       F      G
               +--------+--------+--------+--------+--------+-----+--------+
         Total |    833 |    793 |     40 |      0 |    508 |   2 |  416.5 |
       Dungeon |    833 |    793 |     40 |      0 |    508 |   2 |  416.5 |
               +--------+--------+--------+--------+--------+-----+--------+

Top non-repeatable levels by time:
     D:1: 652 daAuts
     D:2: 180 daAuts
